[Event "Team 45 45 League T31"]
[Site "Internet Chess Club"]
[Date "2006.07.17"]
[Round "4"]
[White "nightly"]
[Black "fledermaus"]
[Result "1/2-1/2"]
[WhiteElo "1917"]
[BlackElo "2080"]
[TimeControl "2700+45"]

1. c4 e5 2. g3 Nc6 3. Bg2 g6 4. Nc3 Bg7 5. e4 d6 6. Nge2 Nge7 7. O-O O-O 8. d3
f5 9. f4 Nd4 10. Nxd4 exd4 11. Ne2 c5 12. Rb1 Rb8 13. b4 fxe4 14. Bxe4 b6 15. a4
Be6 16. Bd2 d5 17. cxd5 Bxd5 18. Bxd5+ Qxd5 19. Qb3 Rfc8 20. bxc5 Qxb3 21. Rxb3
Rxc5 22. Bb4 Rc2 23. Bxe7 Rxe2 24. Bb4 Rc8 25. Rf2 Rc1+ 26. Kg2 Rxf2+ 27. Kxf2
Rc2+ 28. Kg1 Kf7 29. Be1 Bf8 30. Bb4 Bg7 31. Be1 {Game drawn by mutual
agreement} 1/2-1/2  aics%

[Event "Team 45 45 League T31"]
[Site "Internet Chess Club"]
[Date "2006.07.16"]
[Round "4"]
[White "BorgCollective"]
[Black "Rlopez"]
[Result "1-0"]
[WhiteElo "1887"]
[BlackElo "1763"]
[TimeControl "2700+45"]

1. f4 e5 2. fxe5 d6 3. exd6 Bxd6 4. Nf3 g5 5. d4 g4 6. Ng5 f5 7. e4 h6 8. e5 Be7
9. Nf7 Kxf7 10. Bc4+ Kf8 11. O-O c6 12. Qxg4 Bg5 13. Rxf5+ Bxf5 14. Qxf5+ Nf6
15. Bxg5 hxg5 16. c3 Kg7 17. Qxg5+ Kf8 18. exf6 Qd7 19. f7 b5 20. Bb3 Na6 21.
Qg8+ Ke7 22. Qg7 Rhf8 23. Qg5+ Kd6 24. Qe5# {Black checkmated} 1-0  aics%

[Event "Team 45 45 League T31"]
[Site "Internet Chess Club"]
[Date "2006.07.14"]
[Round "4"]
[White "jerq"]
[Black "smitty120"]
[Result "0-1"]
[WhiteElo "1848"]
[BlackElo "1787"]
[TimeControl "2700+45"]

1. e4 e5 2. Nf3 Nc6 3. Bc4 Nf6 4. d4 exd4 5. e5 d5 6. Bb5 Ne4 7. Nxd4 Bd7 8.
Bxc6 bxc6 9. O-O Bc5 10. Be3 O-O 11. Nxc6 Bxc6 12. Bxc5 Nxc5 {White resigns} 0-1
 aics%

[Event "Team 45 45 League T31"]
[Site "Internet Chess Club"]
[Date "2006.07.16"]
[Round "4"]
[White "Theodulf"]
[Black "AVEMARIA"]
[Result "1/2-1/2"]
[WhiteElo "1603"]
[BlackElo "1663"]
[TimeControl "2700+45"]

1. e4 c5 2. c3 Nf6 3. e5 Nd5 4. d4 e6 5. Nf3 cxd4 6. cxd4 d6 7. a3 Bd7 8. Bd3
Bc6 9. O-O Nd7 10. Re1 dxe5 11. dxe5 Be7 12. b4 a6 13. Bb2 Rc8 14. Nd4 O-O 15.
Nxc6 Rxc6 16. Nd2 b5 17. Nf3 N7b6 18. Rc1 Rxc1 19. Bxc1 Qd7 20. Ng5 g6 21. Nxh7
Kxh7 22. Qh5+ Kg8 23. Bxg6 fxg6 24. Qxg6+ Kh8 25. Qh6+ Kg8 26. Qg6+ {Game drawn
by mutual agreement} 1/2-1/2  aics%

[Event "Team 45 45 League T31"]
[Site "Internet Chess Club"]
[Date "2006.07.15"]
[Round "4"]
[White "camembert"]
[Black "Apocalyptic"]
[Result "0-1"]
[WhiteElo "1931"]
[BlackElo "1967"]
[TimeControl "2700+45"]

1. d4 Nf6 2. c4 e6 3. Nc3 Bb4 4. e3 O-O 5. Ne2 b6 6. a3 Be7 7. Ng3 Bb7 8. d5 d6
9. Be2 Nbd7 10. O-O Ne5 11. e4 Rc8 12. Nb5 a6 13. Nd4 c5 14. Nc2 Qd7 15. f4 Ng6
16. Ne1 b5 17. b3 Rfe8 18. Nf3 Bd8 19. Qc2 exd5 20. exd5 Ng4 21. Qd3 Bf6 22. Rb1
Qe7 23. Re1 Nh4 24. Nxh4 Bd4+ {White forfeits on time} 0-1  aics%

[Event "Team 45 45 League T31"]
[Site "Internet Chess Club"]
[Date "2006.07.14"]
[Round "4"]
[White "Silk"]
[Black "Klampin"]
[Result "0-1"]
[WhiteElo "1765"]
[BlackElo "1874"]
[TimeControl "2700+45"]

1. e4 c6 2. Nc3 d5 3. d4 dxe4 4. Nxe4 Bf5 5. Ng3 Bg6 6. Nf3 Nd7 7. Bc4 e6 8. O-O
Ngf6 9. Re1 Be7 10. a3 O-O 11. b4 Qc7 12. Bb2 Rad8 13. Qe2 Rfe8 14. Bb3 b6 15.
Rac1 Nd5 16. c4 Nf4 17. Qe3 Nd3 18. Re2 Nxc1 19. Qxc1 c5 20. bxc5 bxc5 21. d5
exd5 22. cxd5 Bf6 23. Bxf6 Nxf6 24. Rd2 Qd6 25. h3 Rb8 26. Ba4 Rb1 {White
resigns} 0-1  aics%  jimgrange(340): what is it? aics%

[Event "Team 45 45 League T31"]
[Site "Internet Chess Club"]
[Date "2006.07.17"]
[Round "4"]
[White "six-killer"]
[Black "Ghostblaster"]
[Result "1-0"]
[WhiteElo "1738"]
[BlackElo "1676"]
[TimeControl "2700+45"]

1. e4 c5 2. Nf3 d6 3. d4 cxd4 4. Qxd4 Nc6 5. Bb5 Bd7 6. Bxc6 Bxc6 7. Nc3 Nf6 8.
Bg5 e5 9. Qd3 Be7 10. O-O-O Ng4 11. Bxe7 Qxe7 12. Rhf1 Rd8 13. Nd5 Bxd5 14. Qxd5
Nf6 15. Qb5+ Qd7 16. Qd3 O-O 17. h3 Qa4 18. Kb1 Nxe4 19. Nxe5 Nc5 20. Qd5 Ne6
21. Nc4 Rc8 22. b3 Qb4 23. a3 Qc3 24. f4 a6 25. Rf3 Qf6 26. Nxd6 Rfd8 27. Qe5
Qg6 28. Rfd3 Rc5 29. Qe4 Qxe4 30. Nxe4 Rxd3 31. Rxd3 Rc8 32. g3 Kf8 33. c4 Ke7
34. Kb2 g6 35. Nc3 Nc7 36. Re3+ Kd7 37. Kc2 b5 38. c5 Ne6 39. b4 Re8 40. Kd3 Rd8
41. Ke4 Kc6 42. Rd3 f5+ 43. Ke3 Rxd3+ 44. Kxd3 h6 45. Ne2 Kd5 46. Nc3+ Kc6 47.
Ke3 g5 48. fxg5 hxg5 49. h4 gxh4 50. gxh4 Kd7 51. Nd5 a5 52. Nf4 axb4 53. axb4
Ng7 54. h5 Ne8 55. Kd4 Kc6 56. Ke5 Kd7 57. Kxf5 Ke7 58. Kg6 Nf6 59. h6 Ng8 60.
h7 Nf6 61. h8=Q Ne8 62. Qd4 {Black resigns} 1-0  aics%

[Event "Team 45 45 League T31"]
[Site "Internet Chess Club"]
[Date "2006.07.15"]
[Round "4"]
[White "autobot"]
[Black "RD1974"]
[Result "1-0"]
[WhiteElo "1639"]
[BlackElo "1641"]
[TimeControl "2700+45"]

1. d4 Nf6 2. Nf3 e6 3. Bg5 h6 4. Bh4 d5 5. e3 Nbd7 6. Bd3 c5 7. c3 c4 8. Bc2 b5
9. O-O Bb7 10. Nbd2 Be7 11. Re1 a5 12. e4 dxe4 13. Nxe4 O-O 14. Bxf6 Nxf6 15.
Nfd2 Bd5 16. Qe2 Qc7 17. Nxf6+ Bxf6 18. Be4 Rfd8 19. Nf1 e5 20. dxe5 Bxe5 21.
Qf3 Bxe4 22. Qxe4 Bf6 23. Rad1 Re8 24. Qf3 Rxe1 25. Qxa8+ Kh7 26. Rxe1 b4 27.
Qe4+ Kg8 28. Qf5 bxc3 29. Re8# {Black checkmated} 1-0  aics%

[Event "Team 45 45 League T31"]
[Site "Internet Chess Club"]
[Date "2006.07.17"]
[Round "4"]
[White "BishopsArms"]
[Black "achessman"]
[Result "1-0"]
[WhiteElo "1833"]
[BlackElo "1990"]
[TimeControl "2700+45"]

1. e4 e5 2. Nf3 Nf6 3. Nxe5 d6 4. Nf3 Nxe4 5. d4 d5 6. Bd3 Nc6 7. O-O Be7 8. c4
Nb4 9. Be2 O-O 10. Nc3 Bf5 11. a3 Nxc3 12. bxc3 Nc6 13. Re1 Rc8 14. Bf4 dxc4 15.
Bxc4 Na5 16. Bd3 Bxd3 17. Qxd3 c5 18. Qe4 Re8 19. Be5 Bf8 20. Qf4 f6 21. Qf5
fxe5 22. Ng5 Bd6 23. Qxh7+ Kf8 24. Qh8+ {Black resigns} 1-0  aics%

[Event "Team 45 45 League T31"]
[Site "Internet Chess Club"]
[Date "2006.07.18"]
[Round "4"]
[White "kingfischer57"]
[Black "alastorx"]
[Result "1-0"]
[WhiteElo "1860"]
[BlackElo "1774"]
[TimeControl "2700+45"]

1. d4 e6 2. c4 d5 3. Nc3 c5 4. cxd5 exd5 5. Nf3 Nc6 6. g3 Nf6 7. Bg2 Be7 8. O-O
O-O 9. Bg5 cxd4 10. Nxd4 h6 11. Bf4 Bg4 12. h3 Bh5 13. Rc1 Rc8 14. a3 Re8 15.
Qd2 Bc5 16. Nxc6 bxc6 17. b4 Bd6 18. Bxd6 Qxd6 19. e3 Bg6 20. Na4 Ne4 21. Qd4
Rc7 22. Nc5 Rce7 23. Nxe4 Bxe4 24. Qc5 Qxc5 25. Rxc5 d4 26. exd4 Bd3 27. Rd1 Bb5
28. Bxc6 {Black resigns} 1-0  aics%

[Event "Team 45 45 League T31"]
[Site "Internet Chess Club"]
[Date "2006.07.16"]
[Round "4"]
[White "Egmont"]
[Black "tourettes"]
[Result "1/2-1/2"]
[WhiteElo "1657"]
[BlackElo "1749"]
[TimeControl "2700+45"]

1. e4 e6 2. d4 d5 3. Nc3 Bb4 4. Bd3 dxe4 5. Bxe4 Nf6 6. Bg5 h6 7. Bxf6 Qxf6 8.
Ne2 Bd7 9. Bxb7 Bc6 10. Bxa8 Bxa8 11. f3 O-O 12. O-O Rd8 13. Ne4 Qh4 14. c3 Be7
15. Qe1 Qh5 16. Qg3 Na6 17. Nf4 Qb5 18. Qf2 c5 19. Qe2 Qc6 20. dxc5 Nxc5 21.
Nxc5 Qxc5+ 22. Kh1 Bc6 23. Qc2 Qe3 24. Nh3 Qb6 25. Nf2 Bg5 26. Rfd1 Rb8 27. b3
Bf6 28. Rab1 Qe3 29. Rd3 Qe5 30. Ng4 Qf5 31. Nxf6+ Qxf6 32. Rbd1 g6 33. c4 g5
34. Rd6 Be8 35. Qe4 a5 36. c5 Qe7 37. h3 Qc7 38. Qd4 Rb4 39. Qd3 Qxc5 40. Rd8
Qe7 41. Rc1 Kg7 42. Rcc8 Bb5 43. Qc3+ e5 44. Rg8+ Kf6 45. Rh8 Rh4 46. Rh7 Qd7
47. Rc7 Rxh3+ 48. gxh3 Qxh3+ 49. Kg1 Qg3+ {Game drawn by mutual agreement}
1/2-1/2  aics%

[Event "Team 45 45 League T31"]
[Site "Internet Chess Club"]
[Date "2006.07.17"]
[Round "4"]
[White "jpitt"]
[Black "Ozgur-Bjk"]
[Result "1-0"]
[WhiteElo "2375"]
[BlackElo "2105"]
[TimeControl "2700+45"]

1. d4 d5 2. c4 e6 3. Nc3 Nf6 4. Nf3 Be7 5. Bf4 O-O 6. e3 c6 7. Qc2 Nh5 8. Bg3 g6
9. O-O-O Nd7 10. Ne5 Nxg3 11. hxg3 Nxe5 12. dxe5 Qa5 13. Kb1 dxc4 14. Qe4 Bb4
15. Bxc4 Bxc3 16. bxc3 Qxc3 17. Bb3 a5 18. Rxh7 Kxh7 19. Qh4+ Kg8 20. Rh1 Qd3+
21. Bc2 Qb5+ 22. Kc1 {Black resigns} 1-0  aics%

[Event "Team 45 45 League T31"]
[Site "Internet Chess Club"]
[Date "2006.07.15"]
[Round "4"]
[White "Gregorio"]
[Black "Zebbile"]
[Result "1-0"]
[WhiteElo "2150"]
[BlackElo "2035"]
[TimeControl "2700+45"]

1. e4 c6 2. d4 d5 3. exd5 cxd5 4. c4 Nf6 5. Nc3 Nc6 6. c5 b6 7. Bb5 Bd7 8. Nf3
bxc5 9. dxc5 e6 10. Bxc6 Bxc6 11. b4 Be7 12. O-O O-O 13. Ne5 Be8 14. Be3 Qc7 15.
Bf4 Qb7 16. a3 a5 17. Rb1 axb4 18. axb4 Ne4 19. Nxe4 dxe4 20. Nc4 Bc6 21. Na5
Qb5 22. Nxc6 Qxc6 23. Qe2 Rfd8 24. Rfc1 Qd5 25. Rd1 Qb7 26. Rxd8+ Rxd8 27. Qc2
Rc8 28. Be3 Qd5 29. h3 h6 30. Rd1 Qh5 31. Rd7 Bd8 32. Qxe4 Qe2 33. Qb7 Qe1+ 34.
Kh2 Bc7+ 35. Rxc7 Rxc7 36. Qb8+ Kh7 37. Qxc7 Qxb4 38. Qxf7 Qc4 39. Qf4 Qd5 40.
Bd4 Kg8 41. Qe5 Qd7 42. c6 {Black resigns} 1-0  aics%

[Event "Team 45 45 League T31"]
[Site "Internet Chess Club"]
[Date "2006.07.14"]
[Round "4"]
[White "equi"]
[Black "Glook"]
[Result "0-1"]
[WhiteElo "1884"]
[BlackElo "2136"]
[TimeControl "2700+45"]

1. d4 Nf6 2. c4 c5 3. d5 b5 4. cxb5 a6 5. bxa6 g6 6. Nc3 Bxa6 7. e4 Bxf1 8. Kxf1
d6 9. h3 Bg7 10. g3 O-O 11. Kg2 Nbd7 12. Nge2 Qa5 13. Rb1 Rfb8 14. Qc2 Qa6 15.
Rd1 e6 16. dxe6 fxe6 17. Qd3 Rb6 18. Qxa6 Raxa6 19. f4 Rb4 20. Kf3 Ne8 21. Be3
Rb7 22. b3 Nc7 23. Rbc1 Rc6 24. Na4 Bf8 25. g4 Be7 26. g5 Bf8 27. h4 d5 28. e5
Rb4 29. Nb2 Ra6 30. Nd3 Rb5 31. Rd2 Ne8 32. Ng3 Rba5 33. a4 Ra8 34. h5 Rb8 35.
hxg6 Rxb3 36. gxh7+ Kxh7 37. Rh1+ Kg8 38. Nc1 Ra3 39. Ke2 R5xa4 40. Nh5 Re4 41.
Rd3 Rxd3 42. Kxd3 c4+ 43. Kd2 Bb4+ 44. Ke2 d4 45. Nf6+ Ndxf6 46. exf6 Rxe3+ 47.
Kf2 Bc5 48. Rh5 d3 49. f7+ Kxf7 50. g6+ Kf6 51. Rxc5 d2 52. Rxc4 d1=Q 53. Kxe3
Nd6 54. Rc7 Nf5+ 55. Kf2 Qd2+ 56. Ne2 Nd4 {White resigns} 0-1

[Event "Team 45 45 League T31"]
[Site "Internet Chess Club"]
[Date "2006.07.14"]
[Round "4"]
[White "pestka"]
[Black "Guinness"]
[Result "1/2-1/2"]
[WhiteElo "2257"]
[BlackElo "2337"]
[TimeControl "2700+45"]

1. Nf3 d6 2. g3 e5 3. d3 Be7 4. c4 f5 5. Nc3 Nf6 6. Bg2 O-O 7. O-O Qe8 8. b4 a5
9. b5 Nbd7 10. a4 Qh5 11. Bg5 e4 12. dxe4 fxe4 13. Nxe4 Nxe4 14. Bxe7 Rf7 15.
Bd8 Ndc5 16. b6 c6 17. Bc7 Bg4 18. Ra3 Raf8 19. Re3 Rf6 20. Qd4 Re8 21. Nd2 Nxd2
22. Rxe8+ Qxe8 23. Qxd2 Qxe2 24. Qxa5 Qxc4 25. Qd2 Qe2 26. Qxe2 Bxe2 27. Rc1 Nd7
28. f4 Ba6 {Game drawn by mutual agreement} 1/2-1/2  aics%

[Event "Team 45 45 League T31"]
[Site "Internet Chess Club"]
[Date "2006.07.16"]
[Round "4"]
[White "BaroneRosso"]
[Black "izit"]
[Result "0-1"]
[WhiteElo "2054"]
[BlackElo "2156"]
[TimeControl "2700+45"]

1. d4 Nf6 2. c4 g6 3. Nc3 Bg7 4. e4 O-O 5. Nf3 d6 6. Be2 e5 7. Be3 Ng4 8. Bg5 f6
9. Bh4 g5 10. Bg3 Nh6 11. d5 Nd7 12. Nd2 a5 13. f3 Rf7 14. a3 Nf8 15. O-O Ng6
16. Re1 Kh8 17. Bf2 f5 18. exf5 Bxf5 19. Nde4 Nf4 20. h3 Ng8 21. c5 Bf8 22. cxd6
cxd6 23. Rb1 h5 24. Rc1 Nh6 25. Bf1 g4 26. Ng3 gxh3 27. Nxf5 hxg2 28. Nxh6
gxf1=Q+ 29. Kxf1 Bxh6 30. Be3 Qh4 31. Bxf4 Qxf4 32. Kf2 Rg8 {White resigns} 0-1 
aics%

[Event "Team 45 45 League T31"]
[Site "Internet Chess Club"]
[Date "2006.07.15"]
[Round "4"]
[White "trivialpursuit"]
[Black "MehmetBulent"]
[Result "1/2-1/2"]
[WhiteElo "1939"]
[BlackElo "1816"]
[TimeControl "2700+45"]

1. e4 c5 2. Nc3 d6 3. g3 Nc6 4. Bg2 g6 5. d3 Bg7 6. Be3 Nf6 7. h3 O-O 8. Qd2 Re8
9. Bh6 Bh8 10. Nge2 Nd4 11. Nxd4 cxd4 12. Ne2 e5 13. O-O Be6 14. f4 Qc8 15. f5
Bd7 16. c4 b5 17. Rac1 bxc4 18. Rxc4 Qa6 19. Nc1 Rec8 20. b3 Bb5 21. Rxc8+ Rxc8
22. Rf3 Rc3 23. Bf1 d5 24. exd5 Nxd5 25. fxg6 hxg6 26. Qf2 f5 27. Bg5 Bf6 28.
Bd2 Rc2 29. Qe1 Kf7 30. Qd1 Qc8 31. a4 Bd7 32. Ne2 Be6 33. Rf2 Ne3 34. Bxe3 dxe3
35. Rh2 Bxb3 36. Qb1 Bxa4 37. Qb4 Bd7 38. h4 Qc5 39. Qb7 Qc7 40. Qb3+ Be6 41.
Qa4 Ra2 42. Qb4 a5 43. Qb1 a4 44. h5 gxh5 45. Rxh5 Kg6 46. g4 fxg4 47. Rh2 e4
48. d4 Bd5 49. Qb5 Qc6 50. Nf4+ Kg7 51. Nxd5 Qxb5 52. Bxb5 Rxh2 53. Kxh2 Bxd4
54. Kg3 a3 55. Nb4 Kf6 56. Kxg4 Ke5 57. Bc4 Bc5 58. Nc2 Bd6 59. Kg3 Bf8 60. Kg2
Kf4 61. Kf1 Bc5 62. Ke2 Ke5 63. Ba2 Be7 64. Nxe3 Bc5 65. Nc2 Bf8 66. Ke3 Bh6+
67. Ke2 Bc1 68. Na1 Bb2 69. Nb3 Kf4 70. Nd2 e3 71. Nf1 Bc1 72. Nh2 Ke4 73. Nf3
Bb2 74. Ne1 Bc1 75. Bb1+ Kd4 76. Kd1 Bb2 77. Nc2+ Kc4 78. Nxe3+ Kb3 79. Nc2 a2
80. Bxa2+ Kxa2 {Game drawn because neither player has mating material} 1/2-1/2 
aics%

[Event "Team 45 45 League T31"]
[Site "Internet Chess Club"]
[Date "2006.07.23"]
[Round "4"]
[White "iwulu"]
[Black "Rossinantes"]
[Result "0-1"]
[WhiteElo "2228"]
[BlackElo "2347"]
[TimeControl "2700+45"]

1. d4 Nf6 2. Nf3 g6 3. c4 Bg7 4. Nc3 d5 5. Bg5 dxc4 6. e3 O-O 7. Bxc4 c5 8. O-O
cxd4 9. Nxd4 a6 10. Qf3 Nbd7 11. Rfd1 Qa5 12. Bxf6 Nxf6 13. Nd5 Nxd5 14. Bxd5 e5
15. Nb3 Qb4 16. Qe4 Qb6 17. Rac1 a5 18. Nc5 Bf5 19. Qa4 Rac8 20. Qb3 Qxb3 21.
Bxb3 b6 22. Na4 b5 23. Nc3 a4 24. Bd5 Rc5 25. Ne4 Rxd5 26. Rxd5 Bxe4 27. Rxb5
Ra8 28. Rb4 Bd5 29. b3 a3 30. Rb5 Be6 31. e4 Rd8 32. Ra5 Bf8 33. Kf1 Rd2 34. Ra1
Bb4 35. Ra4 Bc5 36. Rc1 Bd4 37. Rxa3 Rxf2+ 38. Ke1 Rxg2 39. Ra8+ Kg7 {White
resigns} 0-1  aics%

[Event "Team 45 45 League T31"]
[Site "Internet Chess Club"]
[Date "2006.07.13"]
[Round "4"]
[White "trevor21"]
[Black "MikeMike"]
[Result "1/2-1/2"]
[WhiteElo "2173"]
[BlackElo "2046"]
[TimeControl "2700+45"]

1. d4 Nf6 2. c4 e6 3. Nc3 Bb4 4. a3 Bxc3+ 5. bxc3 O-O 6. f3 d6 7. e4 c5 8. d5 e5
9. Bg5 Nbd7 10. Bd3 h6 11. Be3 Re8 12. Ne2 Nf8 13. Qd2 Bd7 14. a4 N6h7 15. O-O
Qh4 16. a5 Re7 17. Rab1 Rb8 18. Rb2 f6 19. Rfb1 Bc8 20. Bf2 Qh5 21. Bc2 g5 22.
g4 Qf7 23. Ng3 Ng6 24. Be3 Nhf8 25. Ba4 Nh4 26. Bd1 Nfg6 27. Nf5 Bxf5 28. gxf5
Nf4 29. Bxf4 gxf4 30. Qf2 Qh5 31. Kh1 Rg7 32. Be2 Kh8 33. Rg1 Rbg8 34. Rbb1 Ng2
35. Rxg2 Rxg2 36. Qxg2 Rxg2 37. Kxg2 Qf7 38. Bd1 Kg7 39. Ba4 Kf8 40. a6 b6 41.
Kf2 Qh5 42. Kg2 {Game drawn by mutual agreement} 1/2-1/2  aics%

[Event "Team 45 45 League T31"]
[Site "Internet Chess Club"]
[Date "2006.07.16"]
[Round "4"]
[White "gracey"]
[Black "VentasD"]
[Result "1/2-1/2"]
[WhiteElo "2128"]
[BlackElo "2148"]
[TimeControl "2700+45"]

1. e4 e5 2. Nf3 Nc6 3. Bc4 Bc5 4. d3 h6 5. Nc3 Nf6 6. O-O d6 7. Na4 Bb6 8. Nxb6
axb6 9. Bd2 Na5 10. Bxa5 bxa5 11. d4 exd4 12. Qxd4 O-O 13. Rfe1 Nd7 14. e5 dxe5
15. Nxe5 Qf6 16. Rad1 Nb6 17. Bd3 g6 18. Qc5 Be6 19. Qxc7 {Game drawn by mutual
agreement} 1/2-1/2  aics%

[Event "Team 45 45 League T31"]
[Site "Internet Chess Club"]
[Date "2006.07.14"]
[Round "4"]
[White "WesleyCrusher"]
[Black "Ser-Enigma"]
[Result "0-1"]
[WhiteElo "2030"]
[BlackElo "2124"]
[TimeControl "2700+45"]

1. e4 c5 2. Nf3 Nc6 3. d4 cxd4 4. Nxd4 Nf6 5. Nc3 e5 6. Ndb5 d6 7. Bg5 a6 8. Na3
b5 9. Nd5 Be7 10. Bxf6 Bxf6 11. c3 O-O 12. Nc2 Rb8 13. Bd3 Be6 14. Ncb4 Nxb4 15.
Nxb4 Qb6 16. Bc2 Bg5 17. Bb3 a5 18. Nd5 Qb7 19. h4 Bd8 20. a3 Kh8 21. g4 g6 22.
h5 Bg5 23. f3 h6 24. Qe2 f5 25. hxg6 fxg4 26. fxg4 Qc8 27. Bd1 Bxd5 28. exd5 Qc5
29. Bc2 Rf4 30. Rd1 b4 31. cxb4 axb4 32. a4 b3 33. Bb1 Qb4+ 34. Qd2 Re4+ {White
resigns} 0-1  aics%

[Event "Team 45 45 League T31"]
[Site "Internet Chess Club"]
[Date "2006.07.13"]
[Round "4"]
[White "Sean"]
[Black "nursey"]
[Result "1-0"]
[WhiteElo "1521"]
[BlackElo "1643"]
[TimeControl "2700+45"]

1. c4 e5 2. g3 Nf6 3. Bg2 d5 4. cxd5 Nxd5 5. Nf3 Nc6 6. O-O e4 7. Ne1 Bf5 8. Nc3
Nxc3 9. bxc3 Bd6 10. d3 exd3 11. exd3 O-O 12. Nf3 Re8 13. Be3 Ne5 14. Nxe5 Bxe5
15. d4 Bf6 16. Bxb7 Rb8 17. Bg2 Rb2 18. Re1 Be4 19. Bxe4 Rxe4 20. Re2 Rxe2 21.
Qxe2 a5 22. Qb5 Qa8 23. Rb1 Re8 24. Qb7 Qd8 25. Rb5 a4 26. Ra5 Qd7 27. Qb5 Qxb5
28. Rxb5 a3 29. Ra5 Be7 30. c4 Bb4 31. Ra4 Be7 32. c5 Bf6 33. Rxa3 h6 34. Ra7
Re7 35. a4 c6 36. Rxe7 Bxe7 37. Kf1 Bd8 38. Bd2 Bf6 39. Bc3 Kf8 40. a5 Ke7 41.
a6 Ke6 42. a7 Kd5 43. a8=Q Kc4 44. Ba1 {Black resigns} 1-0  aics%

[Event "Team 45 45 League T31"]
[Site "Internet Chess Club"]
[Date "2006.07.16"]
[Round "4"]
[White "GrandPoobah069"]
[Black "GoIrish"]
[Result "0-1"]
[WhiteElo "1606"]
[BlackElo "1609"]
[TimeControl "2700+45"]

1. e4 d6 2. d4 Nf6 3. Nc3 g6 4. Bc4 Bg7 5. Qe2 O-O 6. e5 dxe5 7. dxe5 Ne8 8. e6
f6 9. Nf3 Nd6 10. Bb3 Nc6 11. Bf4 Nf5 12. Nb5 Ncd4 13. Bxc7 Nxe2 14. Bxd8 Nf4
15. g3 Bxe6 16. Bxe6+ Nxe6 17. Ba5 Rfc8 18. Bc3 a6 19. Na3 Nc5 20. O-O-O Ne4 21.
Be1 Rc6 22. Nb1 Rac8 23. c3 b5 24. Nfd2 Nc5 25. Kc2 Rd8 26. g4 Nd6 27. f3 f5 28.
h3 e5 29. Bf2 Ne6 30. Rhe1 Nf4 31. Bg3 Nxh3 32. Bxe5 Bxe5 33. Rxe5 fxg4 34. fxg4
Nf2 35. Rg1 Nc4 36. Nb3 Nxe5 37. g5 b4 38. Rg2 Ned3 39. Rg3 Ne1+ {White resigns}
0-1  aics%

[Event "Team 45 45 League T31"]
[Site "Internet Chess Club"]
[Date "2006.07.16"]
[Round "4"]
[White "Archaeologist"]
[Black "Warpdrive"]
[Result "1/2-1/2"]
[WhiteElo "1524"]
[BlackElo "1610"]
[TimeControl "2700+45"]

1. e4 Nf6 2. Nc3 e5 3. Nf3 Nc6 4. d4 exd4 5. Nxd4 Nxd4 6. Qxd4 d6 7. Bc4 Be7 8.
O-O O-O 9. Bf4 Be6 10. Rad1 Bxc4 11. Qxc4 Qc8 12. e5 dxe5 13. Bxe5 c6 14. Bd6
Bxd6 15. Rxd6 Rd8 16. Rfd1 Rxd6 17. Rxd6 Qe8 18. Qe2 Qxe2 19. Nxe2 Kf8 20. Kf1
Ke7 21. Rd4 c5 22. Rd3 c4 23. Rd4 b5 24. a4 a6 25. Nc3 Rb8 26. axb5 axb5 27.
Nd5+ Nxd5 28. Rxd5 Ke6 29. Rd1 Rb7 30. Ke2 Rb6 31. g4 Rd6 32. Rxd6+ Kxd6 33. Ke3
Kd5 34. h4 h6 35. c3 g5 36. hxg5 hxg5 37. f4 f6 38. Kf3 Ke6 39. Ke4 gxf4 40.
Kxf4 Kf7 41. Kf5 Ke7 42. Ke4 Ke6 43. Kd4 Kd6 44. Ke4 Ke6 45. Kf4 Kd6 46. Kf5 Ke7
{Game drawn by mutual agreement} 1/2-1/2  aics%

[Event "Team 45 45 League T31"]
[Site "Internet Chess Club"]
[Date "2006.07.12"]
[Round "4"]
[White "peatmoss"]
[Black "Zyme"]
[Result "0-1"]
[WhiteElo "1449"]
[BlackElo "1454"]
[TimeControl "2700+45"]

1. Nf3 Nf6 2. g3 e6 3. Bg2 d5 4. O-O c5 5. d3 Nc6 6. c3 Be7 7. Bf4 O-O 8. Re1 b5
9. Ne5 Bb7 10. Na3 Qb6 11. Bg5 Nxe5 12. Nc2 Rfd8 13. e4 h6 14. Bxf6 Bxf6 15. f4
Ng6 16. Kf1 dxe4 17. Bxe4 Bxe4 18. Rxe4 Rd5 19. Qf3 Rad8 20. Re3 R8d7 21. a4 a6
22. axb5 axb5 23. c4 bxc4 24. dxc4 Rd2 25. Qa8+ Rd8 26. Qa4 Qxb2 27. Re2 Rxc2
28. Rxc2 Qxa1+ {White resigns} 0-1  aics%

[Event "Team 45 45 League T31"]
[Site "Internet Chess Club"]
[Date "2006.07.16"]
[Round "4"]
[White "chiiwen"]
[Black "DaveTheRook"]
[Result "1-0"]
[WhiteElo "1675"]
[BlackElo "1691"]
[TimeControl "2700+45"]

1. e4 e5 2. Nf3 Nc6 3. Bb5 a6 4. Ba4 Nf6 5. O-O Be7 6. Re1 b5 7. Bb3 d6 8. c3
O-O 9. d4 Bg4 10. d5 Na5 11. Bc2 c6 12. dxc6 Qc7 13. h3 Bxf3 14. Qxf3 Qxc6 15.
Nd2 Nc4 16. Nxc4 bxc4 17. b3 cxb3 18. axb3 Rfc8 19. c4 Bd8 20. Bg5 h6 21. Bh4
Nh7 22. Bxd8 Rxd8 23. Rad1 Nf8 24. Qg3 Ne6 25. Rd3 Nd4 26. Bd1 Qb6 27. Kh1 Ne6
28. Rf1 Nf4 29. Rd2 Qb4 30. Rc2 Qb7 31. Qe3 f5 32. f3 Nh5 33. Kh2 f4 34. Qd3 Qe7
35. Qd2 Qg5 36. Qf2 Ng3 37. Re1 Re8 38. Rd2 Re6 39. Be2 Rg6 40. Red1 Rd8 41. c5
Kf7 42. Bc4+ Ke7 43. cxd6+ Rdxd6 44. Qa7+ Kf8 45. Qf7# {Black checkmated} 1-0 
aics%

[Event "Team 45 45 League T31"]
[Site "Internet Chess Club"]
[Date "2006.07.13"]
[Round "4"]
[White "Kingofknights"]
[Black "tryanything"]
[Result "1/2-1/2"]
[WhiteElo "1638"]
[BlackElo "1607"]
[TimeControl "2700+45"]

1. d4 d5 2. c4 e5 3. dxe5 d4 4. Nf3 Nc6 5. h3 Be6 6. b3 Bb4+ 7. Bd2 Bxd2+ 8.
Qxd2 Nge7 9. Na3 Ng6 10. Nb5 O-O 11. Nbxd4 Nxd4 12. Nxd4 Nxe5 13. Rd1 Qf6 14. e4
Rad8 15. Qe3 c5 16. Nxe6 Rxd1+ 17. Kxd1 fxe6 18. f3 b6 19. Be2 Nc6 20. Kc2 Nd4+
21. Kb1 e5 22. h4 a5 23. Bd1 Qf4 24. Qxf4 Rxf4 25. a4 Rf6 26. Rh3 Kf7 27. g4 h6
28. Kc1 Kg6 29. Kd2 Rf4 30. Ke3 Ne6 31. Rh2 Nd4 {Game drawn by mutual agreement}
1/2-1/2  aics%

[Event "Team 45 45 League T31"]
[Site "Internet Chess Club"]
[Date "2006.07.16"]
[Round "4"]
[White "FiendAngelical"]
[Black "kingofthespill"]
[Result "1-0"]
[WhiteElo "1511"]
[BlackElo "1549"]
[TimeControl "2700+45"]

1. d4 d5 2. c4 e6 3. Nc3 Nf6 4. Bg5 Be7 5. e3 O-O 6. Nf3 h6 7. Bxf6 Bxf6 8. Rc1
b6 9. cxd5 exd5 10. Bd3 Ba6 11. Bxa6 Nxa6 12. Qa4 Nb8 13. O-O Qd7 14. Qxd7 Nxd7
15. Nxd5 c5 16. Nxf6+ gxf6 17. dxc5 Nxc5 18. Rfd1 Rad8 19. Nd4 a6 20. Nf5 Kh7
21. f3 Nd3 22. Rc6 Kg6 23. g4 Ne5 24. Rxd8 Rxd8 25. Rxb6 Nxf3+ 26. Kg2 Ne5 27.
Kg3 Kg5 28. h4+ Kg6 29. Ne7+ Kg7 30. h5 Rd7 31. Nf5+ {Black resigns} 1-0  aics%

[Event "Team 45 45 League T31"]
[Site "Internet Chess Club"]
[Date "2006.07.16"]
[Round "4"]
[White "kutch"]
[Black "Fineas-Fogg"]
[Result "0-1"]
[WhiteElo "1451"]
[BlackElo "1426"]
[TimeControl "2700+45"]

1. d4 Nf6 2. c4 c5 3. d5 b5 4. cxb5 a6 5. bxa6 Bxa6 6. Nc3 g6 7. e4 Bxf1 8. Kxf1
d6 9. Nf3 Nbd7 10. Bg5 Bg7 11. h3 O-O 12. Qe2 Nb6 13. b3 h6 14. Bh4 g5 15. Bg3
Nxe4 16. Qxe4 Bxc3 17. Rc1 Bg7 18. Rc2 f5 19. Qd3 Qd7 20. Re2 f4 21. Bh2 Ra7 22.
a4 Qf5 23. Qxf5 Rxf5 24. h4 Rxd5 25. hxg5 hxg5 26. Rd2 Bf6 27. Ke2 e5 28. Rhd1
Rxd2+ 29. Rxd2 Nc8 30. Ra2 e4 31. Nd2 d5 32. Nb1 Be5 33. f3 Nd6 34. Bg1 e3 35.
g3 Nf5 36. gxf4 gxf4 37. Kd3 Nd4 38. Nc3 Nxb3 39. Ra3 c4+ 40. Kc2 Bxc3 41. Kxc3
Rg7 42. a5 Nxa5 43. Rxa5 Rg3 44. Rxd5 Rxg1 45. Re5 Rf1 46. Kxc4 Rxf3 47. Kd3 Kf7
48. Ke2 Rf2+ 49. Ke1 Kf6 50. Ra5 Rg2 51. Rh5 f3 52. Rh1 Ra2 53. Kd1 Ra1+ {White
resigns} 0-1  aics%